AoeStats
← [ KOF ] M. Kowalski

African Clearing

506488561Analyzed
2v2 RM · 18d ago on Sep 13, 2026· 21m 53s· 4 players
Game mode
Random Map
Map size
Medium (4 player)
Population
200
Speed
Normal
Resources
Standard
Victory
Conquest
Starting age
Dark Age
Ending age
Imperial Age
RankedLock teamsTeams togetherTeam positionsShared explorationLock speedFull tech treeHidden civsTurbo modeCheats
Victory
Defeat
🇲🇽 Berbers · Mexico
1354
+12
🇦🇷 Chinese · Argentina
1334
+13
🇦🇹 Sicilians · Austria
1298
-13
🇺🇸 Dravidians · United States
1249
-12
Willie Beamin
6:08 Loom
14:33 Feudal Age
15:32 Double-Bit Axe
18:56 Fletching
21:26 Castle Age
21:12 Horse Collar
21:38 Padded Archer Armor
c11|dreckimohr
10:04 Loom
12:19 Feudal Age
15:23 Scale Barding Armor
20:12 Fletching
[ KOF ] M. Kowalski
2:50 Loom
12:23 Feudal Age
16:15 Castle Age
14:23 Fletching
16:35 Double-Bit Axe
17:03 Bodkin Arrow
18:01 Crossbowman
22:44 Ballistics
KOF ChavaAzcona
8:58 Loom
11:30 Feudal Age
12:02 Double-Bit Axe
14:37 Fletching
19:36 Padded Archer Armor
22:43 Castle Age
Connection lost

Rejoining the realm…

Still unreachable

The connection could not be restored.

Session expired

The server has moved on; the page needs a fresh start.